Map: Nightshade LE

Players

ShoWTimE - Winner!

  • Race: Protoss Protoss
  • Spawn Location: 5:00

MaNa

  • Race: Protoss Protoss
  • Spawn Location: 11:00

Event: IEM Katowice 2020

VOD

Have the link to the VOD?

Description

Time

  • Played on: Feb. 24, 2020, 5:41 a.m.
  • Length: 13:47

All games in this series

Show
View Real Time Build Order
Export as new Build Order

ShoWTimE Protoss - Winner!

Build Orders:  

Get SALT Encoding   

  12  0:00  Probe  
  13  0:13  Probe  
  14  0:17  Pylon  
  14  0:25  Probe (Chrono Boost)  
  15  0:36  Gateway  
  15  0:37  Probe (Chrono Boost)  
  16  0:44  Probe (Chrono Boost)  
  16  0:45  Assimilator  
  17  0:51  Probe  
  17  0:54  Assimilator  
  18  1:03  Probe (Chrono Boost)  
  19  1:07  Gateway  
  19  1:14  Probe (Chrono Boost)  
  20  1:18  Probe (Chrono Boost)  
  20  1:24  Cybernetics Core  
  21  1:29  Probe  
  22  1:34  Pylon  
  22  1:41  Probe  
  23  1:54  Probe  
  24  1:58  Warp Gate (Chrono Boost)  
  24  2:00  Stalker x2  
  28  2:08  Probe  
  29  2:12  Pylon  
  29  2:24  Shield Battery  
  29  2:30  Stalker x2  
  33  2:58  Gateway  
  33  3:01  Stalker x2  
  37  3:10  Pylon  
  37  3:16  Shield Battery  
  37  3:18  Pylon  
  37  3:37  Shield Battery  
  37  3:39  Sentry x2  
  41  3:53  Stalker  
  43  3:57  Pylon  
  43  4:07  Robotics Facility  
  43  4:10  Adept x2  
  43  4:14  Pylon  
  47  4:19  Adept  
  49  4:29  Probe  
  50  4:45  Sentry  
  50  4:46  Adept x2  
  50  4:52  Probe  
  57  4:54  Immortal (Chrono Boost)  
  55  5:08  Stalker  
  53  5:17  Stalker x2  
  53  5:29  Warp Prism (Chrono Boost)  
  55  5:38  Pylon  
  57  6:04  Immortal  
  57  6:06  Adept  
  57  6:07  Adept  
  61  6:22  Sentry  
  63  6:34  Robotics Bay  
  63  6:39  Probe  
  64  6:49  Immortal (Chrono Boost)  
  68  7:00  Nexus  
  68  7:07  Pylon  
  68  7:14  Phoenix  
  66  7:16  Probe  
  66  7:22  Disruptor (Chrono Boost)  
  70  7:26  Adept  
  70  7:27  Pylon  
  70  7:32  Probe  
  71  7:45  Probe  
  71  7:46  Gateway  
  72  7:53  Disruptor (Chrono Boost)  
  75  7:59  Probe  
  76  8:10  Twilight Council  
  76  8:11  Probe  
  77  8:19  Adept  
  79  8:24  Observer  
  79  8:33  Probe x2  
  80  8:37  Assimilator  
  80  8:40  Assimilator  
  75  8:53  Charge (Chrono Boost)  
  73  9:00  Zealot x3  
  73  9:02  Phoenix  
  79  9:10  Shield Battery  
  79  9:11  Shield Battery  
  79  9:15  Immortal (Chrono Boost)  
  83  9:35  Gateway  
  83  9:37  Shield Battery  
  83  9:41  Pylon, Zealot  
  85  9:46  Zealot  
  87  9:53  Templar Archives  
  87  10:05  Stalker x2  
  91  10:10  Phoenix, Sentry  
  89  10:18  Probe  
  85  10:25  Probe  
  86  10:28  Pylon  
  86  10:29  High Templar x2  
  86  10:30  Probe  
  86  10:33  Observer (Chrono Boost)  
  86  10:34  Archon  
  92  10:37  Probe  
  92  10:38  High Templar x2  
  97  10:43  Probe, Archon  
  97  10:49  Probe, Gateway  
  99  10:53  Gateway  
  99  11:01  Zealot  
  101  11:04  Zealot  
  99  11:20  Probe x2  
  99  11:21  Stargate  
  99  11:23  Stargate  
  99  11:38  Zealot x2  
  99  11:39  Zealot  
  104  11:42  Zealot  
  103  11:48  Probe x2, Pylon  
  105  12:04  Phoenix (Chrono Boost)  
  105  12:05  Disruptor  
  110  12:10  Phoenix (Chrono Boost)  
  110  12:21  Phoenix, Pylon  
  110  12:24  Phoenix  
  110  12:31  Pylon  
  110  12:32  Phoenix  
  110  12:38  Disruptor (Chrono Boost)  
  110  12:41  Phoenix  
  115  12:49  High Templar  
  115  12:50  High Templar  
  115  12:51  Pylon  
  121  12:54  Phoenix, Archon  
  123  13:05  Zealot  
  125  13:08  Pylon  
  125  13:14  Pylon  
  128  13:25  Zealot  
  126  13:32  Zealot x4  
  100  13:43  Zealot  
Show
View Real Time Build Order
Export as new Build Order

MaNa Protoss 

Build Orders:  

Get SALT Encoding   

  12  0:00  Probe  
  13  0:12  Probe  
  14  0:19  Pylon  
  14  0:24  Probe  
  15  0:38  Probe (Chrono Boost)  
  15  0:40  Gateway  
  16  0:47  Probe (Chrono Boost)  
  16  0:48  Assimilator  
  17  0:52  Probe (Chrono Boost)  
  17  0:56  Assimilator  
  19  1:04  Probe (Chrono Boost)  
  19  1:13  Probe (Chrono Boost)  
  19  1:16  Gateway  
  20  1:18  Probe  
  21  1:29  Cybernetics Core  
  21  1:30  Probe  
  22  1:42  Probe  
  22  1:44  Pylon  
  23  2:06  Robotics Facility  
  23  2:08  Stalker x2  
  26  2:13  Pylon  
  26  2:15  Warp Gate  
  26  2:38  Stalker x2  
  30  2:50  Immortal (Chrono Boost)  
  34  3:05  Probe  
  35  3:07  Pylon  
  35  3:11  Sentry  
  37  3:19  Warp Prism (Chrono Boost)  
  37  3:26  Shield Battery  
  39  3:48  Immortal  
  43  3:55  Pylon  
  42  4:03  Stalker  
  43  4:20  Probe  
  44  4:29  Immortal  
  48  4:33  Probe  
  47  4:58  Stalker  
  44  5:08  Probe  
  49  5:17  Warp Prism  
  48  5:21  Sentry  
  48  5:22  Sentry  
  51  5:32  Probe, Nexus  
  52  5:40  Pylon  
  51  5:51  Stalker  
  57  6:20  Immortal (Chrono Boost)  
  57  6:33  Robotics Facility  
  57  6:37  Pylon  
  54  6:49  Probe  
  56  6:54  Probe, Observer (Chrono Boost)  
  56  6:55  Adept x2  
  61  7:02  Probe  
  61  7:07  Probe  
  63  7:13  Shield Battery  
  63  7:14  Probe  
  62  7:16  Adept  
  64  7:26  Probe  
  64  7:27  Immortal (Chrono Boost)  
  64  7:33  Probe (Chrono Boost)  
  69  7:42  Probe (Chrono Boost)  
  71  7:46  Stargate  
  71  7:50  Probe (Chrono Boost)  
  72  7:53  Probe (Chrono Boost)  
  72  7:55  Probe (Chrono Boost)  
  73  8:05  Pylon  
  74  8:10  Adept x2  
  77  8:17  Shield Battery  
  77  8:21  Pylon  
  77  8:31  Phoenix (Chrono Boost)  
  79  8:52  Zealot x2  
  79  8:54  Phoenix (Chrono Boost)  
  85  9:00  Probe x2  
  87  9:03  Observer  
  87  9:12  Probe x2  
  87  9:14  Phoenix (Chrono Boost)  
  91  9:24  Probe  
  92  9:25  Probe  
  92  9:26  Pylon  
  93  9:41  Pylon  
  93  9:45  Pylon  
  93  9:46  Phoenix  
  95  9:55  Adept x2  
  97  10:11  Phoenix  
  95  10:20  Probe  
  88  10:23  Probe  
  88  10:26  Robotics Bay  
  89  10:29  Assimilator  
  89  10:30  Assimilator  
  89  10:36  Probe x2  
  89  10:41  Robotics Facility  
  91  10:47  Gateway  
  91  10:55  Stalker x2  
  95  11:15  Probe x2  
  95  11:17  Colossus (Chrono Boost)  
  101  11:22  Zealot x2  
  105  11:30  Colossus (Chrono Boost)  
  105  11:32  Phoenix  
  108  11:50  Probe x2  
  110  11:55  Colossus (Chrono Boost)  
  116  12:02  Sentry  
  116  12:08  Pylon x2  
  118  12:19  Gateway  
  118  12:27  Nexus  
  118  12:32  Adept x3  
  127  12:37  Disruptor (Chrono Boost)  
  127  12:40  Pylon  
  127  12:51  Probe  
  127  12:52  Probe  
  127  12:54  Disruptor  
  132  13:10  Zealot x3  
  132  13:29  Stalker  
  132  13:33  Stalker x2  

Tags
 
Add a new tag
Caveats
  • Supply blocks, unpowered buildings, or Contaminate may cause inaccurate times.
  • Supply counts are checked every 10 seconds.